 Dungeon Crawl Stone Soup version 0.29-a0-275-g389c0b56f3 (webtiles) character file.

Game seed: 13797569722096880268

188 shoop the Changer (level 5, 0/21 (22) HPs)
             Began as a Felid Transmuter on Mar 9, 2022.
             Slain by Edmund
             ... wielding a +4 flail of draining
              (12 damage)
             ... on level 4 of the Dungeon.
             The game lasted 00:13:56 (5611 turns).

shoop the Changer (Felid Transmuter)                Turns: 5611, Time: 00:13:56

HP:   0/21 (22)     AC:  2    Str:  8    XL:     5   Next: 39%
MP:   10/10         EV: 18    Int: 14    God:
Gold: 147           SH:  0    Dex: 17    Spells: 5/10 levels left
                                        Lives: 0   Deaths: 1

rFire   + . .      SeeInvis +     - Unarmed
rCold   . . .      Faith    .   (shield unavailable)
rNeg    . . .      Spirit   .   (body armour unavailable)
rPois   .          Reflect  .   (helmet unavailable)
rElec   .          Harm     .   (cloak unavailable)
rCorr   .          Rampage  .   (gloves unavailable)
Will    .....                   (boots unavailable)
Stlth   ++........              (no amulet)
HPRegen 0.07/turn               i - ring of protection from fire
MPRegen 0.12/turn               (no ring)

@: lightly drained, quick
A: very small, claws 1, fangs 3, see invisible, speed 1, shaggy fur 2, stealthy
paws, no weapons or thrown items, no armour, multi-lived
a: no special abilities


You were on level 4 of the Dungeon.
You visited 1 branch of the dungeon, and saw 4 of its levels.

You collected 147 gold pieces.

Inventory:

Jewellery
 i - a ring of protection from fire (left paw)
Scrolls
 a - a scroll of holy word {unknown}
 b - 2 scrolls of silence {unknown}
 c - a scroll of immolation {unknown}
 d - a scroll of enchant armour {unknown}
 l - a scroll of fog {unknown}
Potions
 e - 3 potions of curing {unknown}
 h - a potion of flight
 j - 3 potions of haste {unknown}
 k - 3 potions of degeneration {unknown}


   Skills:
 - Level 1.0 Fighting
 - Level 3.0 Dodging
 - Level 3.0 Stealth
 - Level 3.1 Unarmed Combat
 + Level 3.2 Spellcasting
 * Level 5.2 Transmutations
 + Level 2.3 Ice Magic


You had 5 spell levels left.
You knew the following spells:

 Your Spells              Type           Power      Damage    Failure   Level
a - Beastly Appendage     Tmut           32%        N/A       2%          1
b - Ice Form              Ice/Tmut       12%        N/A       41%         4

Your spell library contained the following spells:

 Spells                   Type           Power      Damage    Failure   Level
 Wereblood                Tmut           16%        N/A       3%          2
 Freeze                   Ice            32%        1d5       9%          1
 Spider Form              Tmut/Pois      9%         N/A       22%         3
 Frozen Ramparts          Ice            16%        1d3       24%         3
 Static Discharge         Conj/Air       2%         N/A       32%         2
 Hailstorm                Conj/Ice       5%         3d4       78%         4
 Dispel Undead            Necr           2%         3d7       91%         4
 Sticky Flame             Conj/Fire      2%         2d3       91%         4
 Lightning Bolt           Conj/Air       1%         1d12      99%         5
 Maxwell's Capacitive Co  Air            1%         ∞         100%        8


Dungeon Overview and Level Annotations

Branches:
Dungeon (4/15)
 Temple: D:4-7

Altars:
Yredelemnul

Shops:
D:2 (

Annotations:
D:3 1 runed translucent door, Crazy Yiuf, Sigmund
D:4 Edmund


Innate Abilities, Weirdness & Mutations

You have sharp claws.
You have razor-sharp teeth.
You have supernaturally acute eyesight. (SInv)
You cover ground quickly. (Speed+)
You are covered in thick fur. (AC +2)
Your paws help you pounce on unaware monsters.
You are incapable of wielding weapons or throwing items.
You cannot wear armour.
You gain extra lives every three experience levels.


Message History

Casting: Beastly Appendage (safe; 2% risk of failure)
Confirm with . or Enter, or press ? or * to list all spells.
The spell is potentially lethal to miscast (41% risk of failure)!
Continue anyway?
Your horns disappear.
You turn into a creature of crystalline ice.
You hit Edmund but do no damage. Edmund barely misses you.
You barely miss Edmund. Edmund barely misses you.
You barely miss Edmund.
Edmund hits you with a +4 flail of draining.
You feel drained. The white imp misses you.
You hit Edmund. You freeze Edmund.
Edmund is lightly wounded.
Edmund hits you with a +4 flail of draining!
You feel drained.
You barely miss Edmund.
Edmund is lightly wounded.
Edmund hits you with a +4 flail of draining!
* * * LOW HITPOINT WARNING * * *
You feel drained.
The white imp grins evilly.
Okay, then.
Edmund attacks as you move away!
Edmund hits you with a +4 flail of draining.
* * * LOW HITPOINT WARNING * * *
You feel drained.
You die...
Your shape twists and changes as you die.
Edmund barely misses you.
You are now level 5!
You warm up again.
You rejoin the land of the living...
Edmund attacks as you move away! Edmund misses you.
Edmund attacks as you move away!
Edmund hits you with a +4 flail of draining!
You feel drained. Edmund attacks as you move away!
Edmund hits you with a +4 flail of draining!
Ouch! That really hurt!
You die...

.........<. ###
..#..#...J# ##.## ##
#..... ####...##
#........
##...#...#####..###....
#...........##.. ###...
##..........#...##.##..
####..##...........#..
#..@# ####....#..#.#
#..@#####.....#.....
###...##....#.......
##...#..###....###
#..#....#.†...# #
#...##....@5..###
#..####....S...##
##.........#...#.
###..).#..##...#


You could see Edmund.

Vanquished Creatures
  An ogre (D:3)
  A necrophage (D:3)
  A hound (D:4)
  Jessica (D:3)
  An iguana (D:4)
  3 gnolls (D:2)
  An adder (D:3)
  2 worms
  3 dart slugs
  2 orcs (D:3)
  4 bats
  10 endoplasms
  5 giant cockroaches
  5 goblins
  11 hobgoblins
  4 jackals
  4 quokkas
  5 ball pythons
  4 frilled lizards
  8 kobolds
  3 rats
79 creatures vanquished.

Vanquished Creatures (others)
  4 toadstools (D:1)
4 creatures vanquished.

Grand Total: 83 creatures vanquished

Notes
Turn   | Place    | Note
-------+----------+-------------------------------------------
     0 | D:1      | shoop the Felid Transmuter began the quest for the Orb.
     0 | D:1      | Reached XP level 1. HP: 9/9 MP: 4/4
   227 | D:1      | Reached skill level 1 in Stealth
   292 | D:1      | Reached XP level 2. HP: 12/12 MP: 6/6
   972 | D:1      | Found a faded altar of an unknown god.
   979 | D:1      | Reached XP level 3. HP: 9/15 MP: 5/7
  1930 | D:2      | Found Cugoz's Antique Weapon Shop.
  2307 | D:2      | Reached skill level 3 in Transmutations
  2896 | D:2      | Reached XP level 4. HP: 15/19 MP: 8/8
  2907 | D:1      | Learned a level 4 spell: Ice Form
  2958 | D:2      | Reached skill level 1 in Ice Magic
  3703 | D:3      | Noticed Jessica
  3732 | D:3      | Found a runed translucent door.
  3733 | D:3      | Noticed Crazy Yiuf
  3892 | D:3      | Noticed an ogre
  4104 | D:3      | HP: 1/28 [ogre/+0 giant club (7)]
  4125 | D:3      | Killed an ogre
  4126 | D:3      | Reached skill level 4 in Transmutations
  4126 | D:3      | Reached XP level 5. HP: 5/22 MP: 8/10
  4478 | D:3      | Noticed Sigmund
  4671 | D:3      | Gained mutation: You are covered in thick fur. (AC +2)
                  | [Felid growth]
  4671 | D:3      | Reached XP level 6. HP: 25/25 MP: 7/11
  4876 | D:3      | Killed Jessica
  5092 | D:2      | Found a basalt altar of Yredelemnul.
  5293 | D:3      | Reached skill level 5 in Transmutations
  5313 | D:4      | Noticed Edmund
  5594 | D:4      | Slain by Edmund
  5595 | D:4      | Reached XP level 5. HP: 0/20 MP: 8/10
  5611 | D:4      | Slain by Edmund

Illustrated notes

Levels and vault maps discovered:
D:1:      ldierk_walled_garden_2, layout_loops_ring,
          ebering_ecumenical_altar_webs
D:2:      layout_basic, serial_shops, shop, basic_altar
D:3:      layout_rooms, minmay_statues_item, supply_closet_lemuel, uniq_sigmund,
          uniq_crazy_yiuf_cottage, uniq_jessica
D:4:      layout_cave_pools, uniq_duvessa, uniq_edmund, uniq_pikel

Skill      XL: |  1  2  3  4  5  6 |
---------------+-------------------+-----
Stealth        | 2 3 |  3.0
Dodging        | 3 |  3.0
Transmutations | 3 4 5 |  5.2
Ice Magic      | 1 2 |  2.3
Spellcasting   | 3 |  3.2
Fighting       | |  1.0
Unarmed Combat | |  3.1

Action                   |  1- 3 |  4- 6 || total
-------------------------+-------+-------++-------
Melee: Unarmed           |   114 |    85 ||   199
       Headbutt          |    14 |     4 ||    18
       Bite              |    10 |     6 ||    16
       Punch             |     2 |     2 ||     4
 Cast: Beastly Appendage |    21 |     9 ||    30
       Ice Form          |       |     5 ||     5
  Use: Scroll            |       |     4 ||     4
       Potion            |       |     2 ||     2
 Stab: Sleeping          |     7 |     9 ||    16
Armor: Skin              |     4 |     7 ||    11
Dodge: Dodged            |    75 |    48 ||   123

Table legend: (Time is in decaauts)
 A = Elapsed time spent in this place.
 B = Non-inter-level travel time spent in this place.
 C = Inter-level travel time spent in this place.
 D = Time resting spent in this place.
 E = Time spent auto-exploring this place.
 F = Levels seen in this place.
 G = Mean time per level.
                   A        B        C        D        E       F      G
               +--------+--------+--------+--------+--------+-----+--------+
         Total |   5182 |   4888 |    294 |   1044 |   2894 |   4 | 1295.5 |
       Dungeon |   5182 |   4888 |    294 |   1044 |   2894 |   4 | 1295.5 |
               +--------+--------+--------+--------+--------+-----+--------+

Top non-repeatable levels by time:
     D:1: 2288 daAuts
     D:3: 1771 daAuts
     D:2: 1035 daAuts
     D:4: 87 daAuts
